 Dungeon Crawl Stone Soup version 0.22-a0-192-g6ffc940 (webtiles) character file.

100 George the Slasher (level 4, -8/39 HPs)
             Began as a Minotaur Fighter on Feb 16, 2018.
             Killed by divine providence
             ... invoked by an orc priest
              (14 damage)
             ... on level 3 of the Dungeon.
             The game lasted 00:02:25 (2111 turns).

George the Slasher (Minotaur Fighter)               Turns: 2111, Time: 00:02:25

Health: -8/39      AC: 11    Str: 21    XL:     4   Next: 46%
Magic:  3/3        EV:  5    Int:  5    God:
Gold:   153        SH:  9    Dex: 10    Spells: 3/3 levels left

rFire    . . .     SeeInvis .   a - +0 long sword
rCold    . . .     Gourm    .   c - +0 shield
rNeg     . . .     Faith    .   m - +0 chain mail
rPois    .         Spirit   .   (helmet restricted)
rElec    .         Reflect  .   (no cloak)
rCorr    .         Harm     .   i - +0 pair of gloves
MR       .....                  o - +0 pair of boots
Stlth    ..........             (no amulet)
HPRegen  0.13/turn              (no ring)
MPRegen  0.08/turn              (no ring)

@: no status effects
A: retaliatory headbutt, horns 2
a: no special abilities


You were on level 3 of the Dungeon.
You were hungry.

You visited 1 branch of the dungeon, and saw 3 of its levels.

You collected 153 gold pieces.

Inventory:

Hand Weapons
 a - a +0 long sword (weapon)
 b - a cursed -3 short sword
Armour
 c - a +0 shield (worn)
 i - a +0 pair of gloves (worn)
 m - a +0 chain mail (worn)
 o - a +0 pair of boots (worn)
Wands
 q - a wand of enslavement (18)
Scrolls
 e - 3 scrolls of amnesia {unknown}
 j - a scroll of remove curse {unknown}
 k - a scroll of enchant weapon {unknown}
 l - 3 scrolls of identify {unknown}
Potions
 d - 2 potions of might
 g - a potion of heal wounds {unknown}
 h - a potion of berserk rage {unknown}
 n - a potion of mutation {unknown}
 p - a potion of flight {unknown}
Comestibles
 f - 5 rations


   Skills:
 - Level 3.6 Fighting
 + Level 5.8 Long Blades
 - Level 3.6 Armour
 - Level 3.6 Shields


You had 3 spell levels left.
You didn't know any spells.

Dungeon Overview and Level Annotations

Branches:
Dungeon (3/15)

Altars:


Innate Abilities, Weirdness & Mutations

You reflexively headbutt those who attack you in melee.
You have a pair of horns on your head.


Message History

You block the orc's attack.
You closely miss the orc. The orc hits you but does no damage.
You block the orc's attack. x2; The orc hits you but does no damage.
The orc hits you but does no damage.
The orc priest looks satisfied for a moment.
The orc hits you but does no damage.
You hit the orc. Your headbutt misses the orc.
The orc is almost dead.
You closely miss the orc.
The orc priest invokes the aid of Beogh against you.
Beogh smites you!
You slash the orc!
You kill the orc!
You closely miss the orc.
The orc is almost dead.
The orc hits you with a hand axe.
* * * LOW HITPOINT WARNING * * *
The orc priest invokes the aid of Beogh against you.
Beogh smites you!
You die...

##########.#..###
#.......$#.#..#
.#.#.#####.##.#..###
......<.............
.#....o.o#.##.#.....
###.###o#.##+#.....
.. #...........<..
######.###.#........
+..@ooo# ..#....#...
######## ######.#.##
#..... ####.. #..
#.. ##. #. #.


You could see an orc priest and 2 orcs.

Vanquished Creatures
  4 adders (D:2)
  2 worms (D:2)
  A dart slug (D:2)
  An orc (D:3)
  2 ball pythons
  3 giant cockroaches
  7 goblins
  6 hobgoblins
  3 jackals (D:2)
  6 bats
  6 frilled lizards
  7 kobolds
  4 rats
52 creatures vanquished.

Notes
Turn   | Place    | Note
-------+----------+-------------------------------------------
     0 | D:1      | George the Minotaur Fighter began the quest for the Orb.
     0 | D:1      | Reached XP level 1. HP: 19/19 MP: 0/0
    52 | D:1      | Reached skill level 3 in Long Blades
    92 | D:1      | Reached XP level 2. HP: 24/26 MP: 1/1
   404 | D:1      | Reached skill level 4 in Long Blades
   489 | D:1      | You fall through a shaft!
   556 | D:2      | Reached XP level 3. HP: 20/31 MP: 2/2
  1273 | D:2      | Reached skill level 5 in Long Blades
  1347 | D:2      | Reached XP level 4. HP: 39/39 MP: 3/3
  2111 | D:3      | Killed from afar by an orc priest

Vault maps used:
D:1:      lemuel_arrival_lava_pool, minmay_splitting_lines

Skill      XL: |  1  2  3 |
---------------+----------+-----
Long Blades    | 3 4 5 |  5.8
Fighting       | |  3.6
Armour         | |  3.6
Shields        | |  3.6

Action                   |  1- 3 |  4- 6 || total
-------------------------+-------+-------++-------
Melee: Long sword        |   105 |    40 ||   145
       Headbutt          |    13 |     4 ||    17
  Eat: Chunk             |     1 |     2 ||     3
Armor: Scale mail        |    20 |       ||    20
       Chain mail        |    21 |    18 ||    39
Dodge: Dodged            |    20 |     5 ||    25
Block: Shield            |    49 |    19 ||    68
       Rpst.: Long sword |     5 |     1 ||     6

Table legend:
 A = Spawn XP
 B = Non-spawn XP
 C = Spawn XP percentage of total XP
 D = Spawn monster count
 E = Non-spawn monster count
 F = Spawn count percentage of total count
 G = Total turns spent on level
                    A         B        C        D         E        F      G
               +---------+---------+-------+---------+---------+-------+---------
         Total |       0 |     143 |   0.0 |       0 |      52 |   0.0 |  2111
               +---------+---------+-------+---------+---------+-------+---------
           D:1 |       0 |      34 |   0.0 |       0 |      23 |   0.0 |   916
           D:2 |       0 |     103 |   0.0 |       0 |      26 |   0.0 |  1097
           D:3 |       0 |       6 |   0.0 |       0 |       3 |   0.0 |    98
               +---------+---------+-------+---------+---------+-------+---------
